 Dungeon Sprint DCSS version 0.27-a0-394-g49c82dfaf2 (webtiles) character file.

Game seed: 8065035868801420891

28270 mhtbhm the Axe Maniac (level 13, -7/141 HPs)
             Began as a Minotaur Berserker on Feb 20, 2021.
             Was the Champion of Trog.
             Succumbed to Gloorx Vloq's dark miasma
             ... in the Dungeon (Sprint VII: "The Pits").
             The game lasted 00:08:30 (4644 turns).

mhtbhm the Axe Maniac (Minotaur Berserker)          Turns: 4644, Time: 00:08:31

Health: -7/141     AC: 20    Str: 26    XL:     13   Next: 8%
Magic:  12/12      EV: 16    Int:  4    God:    Trog [******]
Gold:   64         SH:  0    Dex: 11    Spells: 12/12 levels left

rFire    . . .     SeeInvis +   a - +7 executioner's axe of Fee Simple {vorpal, SInv}
rCold    . . .     Faith    .   (shield currently unavailable)
rNeg     + . .     Spirit   .   b - +4 chain mail
rPois    .         Reflect  .   z - +1 hat {Stlth+}
rElec    .         Harm     .   A - +0 cloak {Will+}
rCorr    .         Rampage  .   (no gloves)
Will     +....     NoTele   +   (no boots)
Stlth    ..........             (no amulet)
HPRegen  0.33/turn              k - +3 ring of evasion
MPRegen  0.13/turn              q - ring of positive energy

@: lethally poisoned (-7 -> -116), hasted and slowed
A: retaliatory headbutt, horns 2
a: Renounce Religion, Berserk, Trog's Hand, Brothers in Arms


You were in the Dungeon.
You worshipped Trog.
Trog was exalted by your worship.
You visited 1 branch You collected 64 gold pieces.

Inventory:

Hand Weapons
 a - the +7 executioner's axe of Fee Simple (weapon) {vorpal, SInv}
   (Trog gifted it to you in the Dungeon)

   It inflicts extra damage upon your enemies.
   It lets you see invisible.
Missiles
 r - 7 atropa-tipped darts
Armour
 b - a +4 chain mail (worn)
 z - a +1 hat of stealth (worn)
 A - a +0 cloak of willpower (worn)
Jewellery
 k - a +3 ring of evasion (left hand)
 n - a ring of protection from cold
 o - a ring of fire
 q - a ring of positive energy (right hand)
 x - the amulet "Pituo" {RegenMP rC+}
   (You took it off a purple draconian in the Dungeon)

   [amulet of magic regeneration]

   It increases your magic regeneration.
   It protects you from cold.
Scrolls
 j - a scroll of summoning
 s - 2 scrolls of fear
 t - 4 scrolls of enchant armour
 u - 3 scrolls of identify
 v - a scroll of fog
Potions
 c - 7 potions of curing
 d - 10 potions of heal wounds
 e - 3 potions of haste
 f - 4 potions of magic
 g - 6 potions of berserk rage
 i - 2 potions of invisibility
 l - 3 potions of might
 p - 2 potions of ambrosia
Miscellaneous
 m - a phantom mirror
 w - a phantom mirror


   Skills:
 + Level 20.7 Fighting
 O Level 27 Axes
 + Level 16.6 Armour
 + Level 10.0 Dodging
 + Level 1.7 Stealth


You had 12 spell levels left.
You didn't know any spells.
Your spell library was empty.

Dungeon Overview and Level Annotations

Branches:
Dungeon (1/1)

Altars:
Cheibriados
Dithmenos
Elyvilon
Fedhas
Gozag
Hepliaklqana
Makhleb
Nemelex Xobeh
Okawaru
Qazlal
Ru
Sif Muna
Trog
Wu Jian
Xom
Yredelemnul
Zin
The Shining One
Jiyva

Annotations:
D Gloorx Vloq


Innate Abilities, Weirdness & Mutations

You reflexively headbutt those who attack you in melee.
You have a pair of horns on your head.


Message History

Your troll looks even sicker.
Your troll closely misses the Executioner.
Your troll claws the Executioner.
Your troll claws the Executioner!
The Executioner dies!
Gloorx Vloq misses you. You furiously retaliate!
You headbutt Gloorx Vloq, but do no damage.
Your troll is engulfed in dark miasma.
Your troll looks even sicker.
Gloorx Vloq gestures at you. The poison arrow hits you!
You are more poisoned.
* * * LOW HITPOINT WARNING * * *
Unknown command.
What are your orders? t - Shout!
Orders for allies: a - Attack new target. r - Retreat! s - Stop attacking. g - Guard the area. f - Follow me.
Anything else - Cancel.
Okay, then.
Blink to where?
Press: ? - help, Dir - move target
As you read the scroll of blinking, it crumbles to dust.
* * * LOW HITPOINT WARNING * * *
You feel extremely sick. Gloorx Vloq gestures at you.
The foul vapour engulfs your troll!!
Your troll looks as sick as possible!
Your troll dies!
Your troll's corpse disappears in a puff of smoke!
You feel much better.
* * * LOW HITPOINT WARNING * * *
You feel extremely sick. Gloorx Vloq gestures at you.
The foul vapour engulfs you!!
You are more poisoned.
* * * LOW HITPOINT WARNING * * *
You feel yourself speed up.
You are engulfed in dark miasma.
You are more poisoned.
You die...

,,*,,*,,,*,,*,,,,,*,,**+*
,,,,,,,,,,,,,,,*,,,,,**,*
,,,,,,,,,,,,,,,,,,,,,**+*
++*****+*****++*++*****,*
,,*,,,,,,,,,*,,,,,,,,*#+#
,,*,,,,,,,,,*,,,,,,,,*#.#
**********************#°#
#######################'#
.............°°°@☼☼&...°#
.............°°°°°°.....#
######++##############..#
,,,*,,,,,,*,,,,*,,*,,#..#
++**,,,,,,**++**,,*,,#..#
,,,*,,,,,,*,,,,*,,,,,#..#
,,,***,,***,,,,****,,#..#
,,,,,,,,,,,,,,,,,,+,,#..#
,,,,,,,,,,,,,,,****,,#..#


You could see Gloorx Vloq.

Vanquished Creatures
  A red draconian (D)
  A green death (D)
  A mummy priest (D)
  Josephine (D)
  A naga warrior (D)
  A boulder beetle (D)
  A centaur warrior (D)
  An alligator snapping turtle (D)
  A death yak (D)
  2 two-headed ogres (D)
  A sun demon (D)
  2 skeletal warriors (D)
  An iron troll (D)
  A fire crab (D)
  An unseen horror (D)
  A flayed ghost (D)
  A swamp dragon (D)
  A bog body (D)
  A deep troll (D)
  A lindwurm (D)
  A deep elf pyromancer (D)
  A wolf spider (D)
  2 salamanders (D)
  A black mamba (D)
  A molten gargoyle (D)
  A naga mage (D)
  A smoke demon (D)
  A cane toad (D)
  An orange demon (D)
  A rime drake (D)
  A freezing wraith (D)
  3 komodo dragons (D)
  2 hellwings (D)
  An ice devil (D)
  4 red devils (D)
  A guardian mummy (D)
  A jumping spider (D)
  A tyrant leech (D)
  A dream sheep (D)
  2 flying skulls (D)
  5 wraiths (D)
  2 yaks (D)
  A wyvern (D)
  A fire bat (D)
  A tarantella (D)
  A fire elemental (D)
  A chaos spawn (D)
  A warg (D)
  An acid dragon (D)
  2 soldier ants (D)
  3 nagas (D)
  A floating eye (D)
  Purgy (D)
  A wolf (D)
  3 earth elementals (D)
  A scorpion (D)
  5 wights (D)
  An orc priest (D)
  An iguana (D)
  An orc wizard (D)
  A hell rat (D)
  A gnoll (D)
  2 adders (D)
  A white imp (D)
  An ufetubus (D)
  6 orcs (D)
  A bat skeleton (D)
  2 giant cockroaches (D)
  A goblin (D)
  2 hobgoblins (D)
  6 jackals (D)
  A quokka (D)
  2 bats (D)
  A kobold (D)
  2 rats (D)
114 creatures vanquished.

Vanquished Creatures (collateral kills)
  Gastronok (D)
  2 emperor scorpions (D)
  A purple draconian (D)
  A great orb of eyes (D)
  2 hydras (D)
  A fire crab (D)
  A skeletal warrior (D)
  A lindwurm (D)
  A yak (D)
  A bat skeleton (D)
12 creatures vanquished.

Grand Total: 126 creatures vanquished

Notes
Turn   | Place    | Note
-------+----------+-------------------------------------------
     0 | D        | mhtbhm the Minotaur Berserker began the quest for the Orb.
     0 | D        | Reached XP level 1. HP: 19/19 MP: 0/0
    12 | D        | Reached skill level 4 in Axes
    54 | D        | Reached ** piety under Trog
    93 | D        | Noticed Purgy
    95 | D        | Reached skill level 5 in Fighting
    95 | D        | Reached skill level 5 in Axes
    95 | D        | Reached XP level 2. HP: 21/29 MP: 1/1
    95 | D        | Reached *** piety under Trog
    99 | D        | Killed Purgy
   100 | D        | Reached skill level 8 in Axes
   100 | D        | Reached XP level 3. HP: 25/39 MP: 2/2
   100 | D        | Reached XP level 4. HP: 30/47 MP: 3/3
   310 | D        | Found a bloodstained altar of Trog.
   310 | D        | Found a shimmering blue altar of Sif Muna.
   310 | D        | Found a viscous altar of Jiyva.
   310 | D        | Found a hazy altar of Hepliaklqana.
   310 | D        | Found an opulent altar of Gozag.
   332 | D        | Noticed a floating eye
   336 | D        | Paralysed by a floating eye for 3 turns
   337 | D        | Reached XP level 5. HP: 53/53 MP: 4/4
   340 | D        | Killed a floating eye
   340 | D        | Reached **** piety under Trog
   341 | D        | Reached skill level 10 in Axes
   341 | D        | Reached skill level 5 in Armour
   342 | D        | Reached skill level 5 in Dodging
   342 | D        | Reached XP level 6. HP: 66/66 MP: 5/5
   344 | D        | Reached ***** piety under Trog
   348 | D        | Reached skill level 10 in Fighting
   348 | D        | Reached skill level 11 in Axes
   410 | D        | Noticed a flying skull
   421 | D        | Killed a flying skull
   422 | D        | Reached skill level 12 in Axes
   422 | D        | Reached XP level 7. HP: 35/74 MP: 6/6
   596 | D        | Noticed a dream sheep
   600 | D        | Killed a dream sheep
   601 | D        | Reached skill level 13 in Axes
   609 | D        | Reached ****** piety under Trog
   673 | D        | Noticed a rime drake
   677 | D        | Received a gift from Trog
   682 | D        | Killed a rime drake
   683 | D        | Reached skill level 14 in Axes
   683 | D        | Reached XP level 8. HP: 83/83 MP: 7/7
   803 | D        | Found a glowing golden altar of the Shining One.
   803 | D        | Found a glowing silver altar of Zin.
   803 | D        | Found a basalt altar of Yredelemnul.
   803 | D        | Found a shimmering altar of Xom.
   803 | D        | Found an ornate altar of the Wu Jian Council.
   803 | D        | Found a sacrificial altar of Ru.
   803 | D        | Found a stormy altar of Qazlal.
   803 | D        | Found an iron altar of Okawaru.
   803 | D        | Found a sparkling altar of Nemelex Xobeh.
   803 | D        | Found a burning altar of Makhleb.
   803 | D        | Found a blossoming altar of Fedhas.
   803 | D        | Found a white marble altar of Elyvilon.
   803 | D        | Found a shadowy altar of Dithmenos.
   803 | D        | Found a snail-covered altar of Cheibriados.
   828 | D        | Noticed a smoke demon
   835 | D        | Killed a smoke demon
   836 | D        | Reached skill level 15 in Axes
  1084 | D        | Noticed a centaur warrior
  1084 | D        | Noticed a naga warrior
  1084 | D        | Noticed a salamander
  1084 | D        | Noticed a deep elf pyromancer
  1088 | D        | Killed a deep elf pyromancer
  1089 | D        | Reached skill level 16 in Axes
  1089 | D        | Reached skill level 10 in Armour
  1089 | D        | Reached XP level 9. HP: 71/93 MP: 8/8
  1095 | D        | Killed a centaur warrior
  1095 | D        | Received a gift from Trog
  1096 | D        | Reached skill level 17 in Axes
  1098 | D        | Killed a salamander
  1099 | D        | Killed a naga warrior
  1100 | D        | Reached skill level 18 in Axes
  1100 | D        | Reached XP level 10. HP: 49/104 MP: 9/9
  1391 | D        | Noticed an alligator snapping turtle
  1403 | D        | Killed an alligator snapping turtle
  1407 | D        | Received a gift from Trog
  1408 | D        | Reached skill level 19 in Axes
  1643 | D        | Killed an unseen horror
  1644 | D        | Reached skill level 15 in Fighting
  1730 | D        | Noticed an orange demon
  1736 | D        | Killed an orange demon
  1971 | D        | Received a gift from Trog
  1991 | D        | Noticed a molten gargoyle
  1995 | D        | Killed a molten gargoyle
  2145 | D        | Noticed a swamp dragon
  2148 | D        | Received a gift from Trog
  2149 | D        | Reached skill level 20 in Axes
  2159 | D        | Killed a swamp dragon
  2414 | D        | Reached XP level 11. HP: 93/114 MP: 10/10
  2416 | D        | Noticed a wolf spider
  2422 | D        | Killed a wolf spider
  2435 | D        | Received a gift from Trog
  2436 | D        | Noticed a bog body
  2445 | D        | Killed a bog body
  2450 | D        | Got a pitted executioner's axe {god gift}
  2451 | D        | Identified the +7 executioner's axe of Fee Simple {vorpal,
                  | SInv} (Trog gifted it to you in the Dungeon)
  2665 | D        | Noticed a death yak
  2672 | D        | Killed a death yak
  2673 | D        | Reached skill level 21 in Axes
  3002 | D        | Received a gift from Trog
  3003 | D        | Reached skill level 15 in Armour
  3013 | D        | Noticed a boulder beetle
  3017 | D        | Killed a boulder beetle
  3019 | D        | Noticed Josephine
  3029 | D        | Killed Josephine
  3255 | D        | Received a gift from Trog
  3293 | D        | Noticed a deep troll
  3294 | D        | Noticed a two-headed ogre
  3298 | D        | Killed a two-headed ogre
  3299 | D        | Reached skill level 22 in Axes
  3299 | D        | Received a gift from Trog
  3301 | D        | Killed a deep troll
  3308 | D        | Received a gift from Trog
  3556 | D        | Noticed a flayed ghost
  3568 | D        | Reached XP level 12. HP: 90/127 MP: 11/11
  3572 | D        | Reached skill level 23 in Axes
  3670 | D        | Noticed a red draconian
  3670 | D        | Noticed a green death
  3676 | D        | Killed a green death
  3676 | D        | Received a gift from Trog
  3680 | D        | Killed a red draconian
  3681 | D        | Reached skill level 24 in Axes
  3690 | D        | Received a gift from Trog
  4154 | D        | Noticed an emperor scorpion
  4154 | D        | Noticed a four-headed hydra
  4154 | D        | Noticed a mummy priest
  4158 | D        | Noticed an emperor scorpion
  4161 | D        | Reached skill level 25 in Axes
  4165 | D        | Identified the +4 dire flail of Dithmenos's Scorn {vorpal,
                  | rF+ Str-3 Dex+2}
  4170 | D        | Killed a mummy priest
  4178 | D        | Killed a four-headed hydra
  4181 | D        | Reached skill level 26 in Axes
  4182 | D        | Killed an emperor scorpion
  4189 | D        | Killed an emperor scorpion
  4189 | D        | Received a gift from Trog
  4190 | D        | Reached skill level 1 in Stealth
  4192 | D        | Noticed a two-headed ogre
  4198 | D        | Killed a two-headed ogre
  4224 | D        | Received a gift from Trog
  4230 | D        | Noticed a four-headed hydra
  4231 | D        | Killed a four-headed hydra
  4231 | D        | Identified the +3 hand axe of Prudence {drain, rF+}
  4231 | D        | Identified the amulet "Pituo" {RegenMP rC+}
  4231 | D        | Noticed a purple draconian
  4235 | D        | Killed a purple draconian
  4250 | D        | Noticed Gastronok
  4253 | D        | Killed Gastronok
  4253 | D        | Received a gift from Trog
  4254 | D        | Reached skill level 27 in Axes
  4254 | D        | Reached XP level 13. HP: 58/140 MP: 12/12
  4269 | D        | Reached skill level 10 in Dodging
  4635 | D        | Noticed Gloorx Vloq
  4638 | D        | Noticed an Executioner
  4642 | D        | HP: 3/141 [poisoned by Gloorx Vloq (poison arrow)]
  4644 | D        | Succumbed to Gloorx Vloq's dark miasma

Illustrated notes

Levels and vault maps discovered:
D:        pitsprint [storerooms_1, entrance_room_1, metal_vault_6, armoury_1,
          mini_pit_1, grid_room_1, main_hall_1, silver_pit, the_coven_1,
          the_vestibule_1, steel_vault_1, golden_pit, hallway_of_sentries,
          crystal_vault_2, iron_vault_1, final_vault]

Skill      XL: |  1  2  3  4  5  6  7  8  9 10 11 12 13 |
---------------+----------------------------------------+-----
Fighting       | 5 7 8 9 11 12 13 14 16 18 20 | 20.7
Axes           | 5 8 10 12 14 16 18 20 22 27 | 27.0
Armour         | 3 4 5 7 9 10 12 13 16 | 16.6
Dodging        | 3 4 5 6 7 8 9 10 | 10.0
Stealth        | 1 |  1.7

Action                   |  1- 3 |  4- 6 |  7- 9 | 10-12 | 13-15 || total
-------------------------+-------+-------+-------+-------+-------++-------
Melee: Hand axe          |    18 |    29 |    26 |       |       ||    73
       Headbutt          |     2 |     5 |     9 |    28 |     1 ||    45
       Battleaxe         |       |       |    15 |    73 |       ||    88
       Executioner's axe |       |       |       |   102 |     2 ||   104
Invok: Berserk           |     1 |     1 |     2 |     5 |       ||     9
       Brothers in Arms  |       |       |       |     4 |     2 ||     6
  Use: Potion            |       |       |       |     4 |     5 ||     9
       Scroll            |       |       |       |       |     2 ||     2
Armor: Animal skin       |     4 |       |       |       |       ||     4
       Chain mail        |       |    23 |    17 |    68 |     1 ||   109
Dodge: Dodged            |    16 |    12 |    19 |   102 |     1 ||   150

Table legend: (Time is in decaauts)
 A = Elapsed time spent in this place.
 B = Non-inter-level travel time spent in this place.
 C = Inter-level travel time spent in this place.
 D = Time resting spent in this place.
 E = Time spent auto-exploring this place.
 F = Levels seen in this place.
 G = Mean time per level.
                   A        B        C        D        E       F      G
               +--------+--------+--------+--------+--------+-----+--------+
         Total |   4648 |   4648 |      0 |   3189 |    218 |   1 | 4648.0 |
       Dungeon |   4648 |   4648 |      0 |   3189 |    218 |   1 | 4648.0 |
               +--------+--------+--------+--------+--------+-----+--------+

Top non-repeatable levels by time:
       D: 4648 daAuts
